SAA
VIRGINIA BEACH WHALES @ IRVING BLUE SOX
08/25/2041
 
TOP OF THE 1ST
Virginia Beach Whales batting - Pitching for Irving Blue Sox : RHP Steve Young
Pitching: RHP Steve Young
Batting: RHB Óscar Cardozo 0-0: Ball
1-0: Foul Ball, location: 2F
1-1: Called Strike
1-2: Strikes out swinging
Batting: RHB Juan Oleastro 0-0: Called Strike
0-1: Foul Ball, location: 2F
0-2: Ball
1-2: Ball
2-2: Foul Ball, location: 2F
2-2: Strikes out swinging
Batting: RHB Doug Chapman 0-0: Ball
1-0: Ball
2-0: Foul Ball, location: 2F
2-1: Fly out, F3 (Popup, 3SF, EV 67.5 MPH)
Top of the 1st over - 0 runs, 0 hits, 0 errors, 0 left on base; Virginia Beach 0 - Irving 0
BOTTOM OF THE 1ST
Irving Blue Sox batting - Pitching for Virginia Beach Whales : RHP Ed Alexander
Pitching: RHP Ed Alexander
Batting: LHB Daniel Page 0-0: Ball
1-0: Ball
2-0: Called Strike
2-1: Ball
3-1: Base on Balls
Batting: SHB Ignacio Cabrera 0-0: Ball
1-0: Ball
2-0: Foul Ball, location: 2F
2-1: Foul Ball, location: 2F
2-2: Foul Ball, location: 2F
2-2: Foul Ball, location: 2F
2-2: Ball
3-2: DOUBLE (Line Drive, 9LS, EV 107.5 MPH)
Daniel Page to third
Daniel Page scores
Batting: RHB Omar Luoa 0-0: Called Strike
0-1: Foul Ball, location: 2F
0-2: Foul Ball, location: 2F
0-2: Fly out, F8 (Line Drive, 8LD, EV 91.9 MPH)
Runner from 2nd tags up, SAFE at 3rd with throw by CF
Batting: RHB Nick McGhee 0-0: Ball
1-0: Fly out, F8 (Line Drive, 8RM, EV 103.1 MPH)
Runner from 3rd tags up, SCORES, throw by CF
Batting: SHB Govaart Baars 0-0: Ball
1-0: DOUBLE (Groundball, 5L, EV 101.2 MPH)
Batting: LHB Kent Maxwell 0-0: Ball
1-0: Called Strike
1-1: Called Strike
1-2: Strikes out swinging
Bottom of the 1st over - 2 runs, 2 hits, 0 errors, 1 left on base; Virginia Beach 0 - Irving 2
TOP OF THE 2ND
Virginia Beach Whales batting - Pitching for Irving Blue Sox : RHP Steve Young
Batting: RHB Pat Geldart 0-0: Called Strike
0-1: Called Strike
0-2: Ball
1-2: Strikes out looking
Batting: RHB Dave Thomas 0-0: Swinging Strike
0-1: Swinging Strike
0-2: Ball
1-2: SINGLE (Groundball, 6MD, EV 106.2 MPH)
Batting: RHB Paul Pitts 0-0: Foul Ball, location: 2F
0-1: Ball
1-1: Swinging Strike
1-2: Strikes out looking
Batting: LHB Keith Pick 0-0: Foul Ball, location: 2F
0-1: Ground out 1-3 (Groundball, 13, EV 90.0 MPH)
Top of the 2nd over - 0 runs, 1 hit, 0 errors, 1 left on base; Virginia Beach 0 - Irving 2
BOTTOM OF THE 2ND
Irving Blue Sox batting - Pitching for Virginia Beach Whales : RHP Ed Alexander
Batting: RHB Rubén Plumey 0-0: SINGLE (Flyball, 89S, EV 85.6 MPH)
Batting: RHB Martín Muńóz 0-0: Ball
1-0: Ball
2-0: Called Strike
2-1: Called Strike
2-2: Ball
3-2: Base on Balls
Rubén Plumey to second
Batting: RHB Thomas Flyer 0-0: Called Strike
0-1: Grounds into double play, 6-4-3 (Groundball, 6, EV 101.2 MPH)
Rubén Plumey to third
Batting: LHB Daniel Page 0-0: Ball
1-0: Ball
2-0: Ball
3-0: Called Strike
3-1: Swinging Strike
3-2: Fly out, F8 (Line Drive, 8RM, EV 96.9 MPH)
Bottom of the 2nd over - 0 runs, 1 hit, 0 errors, 1 left on base; Virginia Beach 0 - Irving 2
TOP OF THE 3RD
Virginia Beach Whales batting - Pitching for Irving Blue Sox : RHP Steve Young
Batting: LHB Henry Head 0-0: Called Strike
0-1: Foul Ball, location: 2F
0-2: Ball
1-2: Foul Ball, location: 2F
1-2: Ball
2-2: TRIPLE (Flyball, 8LXD, EV 103.8 MPH)
Batting: RHB Lloyd van Grootveld 0-0: Ground out 6-3 (Groundball, 6, EV 88.8 MPH)
Henry Head scores
Batting: RHB Óscar Cardozo 0-0: Called Strike
0-1: Swinging Strike
0-2: Foul Ball, location: 2F
0-2: Ball
1-2: Strikes out swinging
Batting: RHB Juan Oleastro 0-0: Ball
1-0: Ball
2-0: Called Strike
2-1: Ball
3-1: Base on Balls
Batting: RHB Doug Chapman 0-0: Called Strike
0-1: Fielders Choice at 2nd, 5-4 (Groundball, 56, EV 104.4 MPH)
Top of the 3rd over - 1 run, 1 hit, 0 errors, 1 left on base; Virginia Beach 1 - Irving 2
BOTTOM OF THE 3RD
Irving Blue Sox batting - Pitching for Virginia Beach Whales : RHP Ed Alexander
Batting: SHB Ignacio Cabrera 0-0: Ground out 6-3 (Groundball, 6, EV 83.8 MPH)
Batting: RHB Omar Luoa 0-0: Called Strike
0-1: Ball
1-1: Ball
2-1: Swinging Strike
2-2: Ball
3-2: Strikes out swinging
Batting: RHB Nick McGhee 0-0: Ball
1-0: Called Strike
1-1: Ball
2-1: Ball
3-1: SINGLE (Groundball, 6MD, EV 110.6 MPH)
Batting: SHB Govaart Baars 0-0: Ball
Nick McGhee is caught stealing 2nd base 2-6
Bottom of the 3rd over - 0 runs, 1 hit, 0 errors, 0 left on base; Virginia Beach 1 - Irving 2
TOP OF THE 4TH
Virginia Beach Whales batting - Pitching for Irving Blue Sox : RHP Steve Young
Batting: RHB Pat Geldart 0-0: Ball
1-0: Called Strike
1-1: Called Strike
1-2: Ball
2-2: Ball
3-2: SINGLE (Flyball, 9LM, EV 93.8 MPH)
Batting: RHB Dave Thomas 0-0: Ball
Wild Pitch!
Pat Geldart to second
1-0: Called Strike
1-1: Ball
2-1: Fly out, F8 (Flyball, 8RXD, EV 108.8 MPH)
Runner from 2nd tags up, SAFE at 3rd, no throw by CF
Batting: RHB Paul Pitts 0-0: Ball
1-0: Foul Ball, location: 2F
1-1: Ball
2-1: Foul Ball, location: 2F
2-2: Ball
3-2: Fly out, F8 (Flyball, 78M, EV 83.1 MPH)
Batting: LHB Keith Pick 0-0: Ball
1-0: Ground out 4-3 (Groundball, 4, EV 105.0 MPH)
Top of the 4th over - 0 runs, 1 hit, 0 errors, 1 left on base; Virginia Beach 1 - Irving 2
BOTTOM OF THE 4TH
Irving Blue Sox batting - Pitching for Virginia Beach Whales : RHP Ed Alexander
Batting: SHB Govaart Baars 0-0: Ball
1-0: Called Strike
1-1: Swinging Strike
1-2: Ball
2-2: Fly out, F8 (Line Drive, 8LD, EV 93.1 MPH)
Batting: LHB Kent Maxwell 0-0: Ball
1-0: Foul Ball, location: 2F
1-1: Fly out, F9 (Flyball, 9, EV 86.2 MPH)
Batting: RHB Rubén Plumey 0-0: Fly out, F4 (Line Drive, 4, EV 69.4 MPH)
Bottom of the 4th over - 0 runs, 0 hits, 0 errors, 0 left on base; Virginia Beach 1 - Irving 2
TOP OF THE 5TH
Virginia Beach Whales batting - Pitching for Irving Blue Sox : RHP Steve Young
Batting: LHB Henry Head 0-0: Foul Ball, location: 2F
0-1: Ground out 5-3 (Groundball, 56, EV 100.0 MPH)
Batting: RHB Lloyd van Grootveld 0-0: Foul Ball, location: 2F
0-1: Ball
1-1: Fly out, F3 (Popup, 3SF, EV 79.4 MPH)
Batting: RHB Óscar Cardozo 0-0: Ball
1-0: Ball
2-0: SINGLE (Line Drive, 6D, EV 97.5 MPH)
Batting: RHB Juan Oleastro 0-0: Ball
1-0: Ball
2-0: Called Strike
2-1: Called Strike
2-2: Strikes out swinging
Top of the 5th over - 0 runs, 1 hit, 0 errors, 1 left on base; Virginia Beach 1 - Irving 2
BOTTOM OF THE 5TH
Irving Blue Sox batting - Pitching for Virginia Beach Whales : RHP Ed Alexander
Batting: RHB Martín Muńóz 0-0: Foul Ball, location: 2F
0-1: Ball
1-1: SINGLE (Groundball, 6D, EV 97.5 MPH)
Batting: RHB Thomas Flyer 0-0: Bunt missed!
0-1: Ball
1-1: Bunted foul
1-2: Grounds into double play, 5-4-3 (Groundball, 5, EV 101.2 MPH)
Batting: LHB Daniel Page 0-0: Ball
1-0: Ground out 4-3 (Groundball, 4M, EV 80.0 MPH)
Bottom of the 5th over - 0 runs, 1 hit, 0 errors, 0 left on base; Virginia Beach 1 - Irving 2
TOP OF THE 6TH
Virginia Beach Whales batting - Pitching for Irving Blue Sox : RHP Steve Young
Batting: RHB Doug Chapman 0-0: Ball
1-0: Ground out 5-3 (Groundball, 5, EV 95.6 MPH)
Batting: RHB Pat Geldart 0-0: Ball
1-0: Foul Ball, location: 2F
1-1: Called Strike
1-2: Ball
2-2: Ball
3-2: Foul Ball, location: 2F
3-2: Fly out, F9 (Flyball, 9LSF, EV 90.6 MPH)
Batting: RHB Dave Thomas 0-0: Called Strike
0-1: Ball
1-1: Foul Ball, location: 2F
1-2: Strikes out swinging
Top of the 6th over - 0 runs, 0 hits, 0 errors, 0 left on base; Virginia Beach 1 - Irving 2
BOTTOM OF THE 6TH
Irving Blue Sox batting - Pitching for Virginia Beach Whales : RHP Ed Alexander
Batting: SHB Ignacio Cabrera 0-0: Foul Ball, location: 2F
0-1: Ball
1-1: Called Strike
1-2: Foul Ball, location: 2F
1-2: Ball
2-2: Strikes out swinging
Batting: RHB Omar Luoa 0-0: Foul Ball, location: 2F
0-1: Foul Ball, location: 2F
0-2: Fly out, F4 (Popup, 4D, EV 53.1 MPH)
Batting: RHB Nick McGhee 0-0: Ball
1-0: Foul Ball, location: 2F
1-1: Ball
2-1: Ball
3-1: Base on Balls
Batting: SHB Govaart Baars 0-0: Swinging Strike
0-1: Ball
1-1: Ball
Nick McGhee steals 2nd base
2-1: Fly out, F6 (Popup, P, EV 76.2 MPH)
Bottom of the 6th over - 0 runs, 0 hits, 0 errors, 1 left on base; Virginia Beach 1 - Irving 2
TOP OF THE 7TH
Virginia Beach Whales batting - Pitching for Irving Blue Sox : RHP Steve Young
Batting: RHB Paul Pitts 0-0: Called Strike
0-1: Foul Ball, location: 2F
0-2: Ball
1-2: Ball
2-2: Ground out 6-3 (Groundball, 6, EV 84.4 MPH)
Batting: LHB Keith Pick 0-0: Called Strike
0-1: Ball
1-1: Foul Ball, location: 2F
1-2: Ball
2-2: Foul Ball, location: 2F
2-2: Ground out 4-3 (Groundball, 4, EV 78.8 MPH)
Batting: LHB Henry Head 0-0: Called Strike
0-1: Fly out, F4 (Popup, 4MD, EV 68.8 MPH)
Top of the 7th over - 0 runs, 0 hits, 0 errors, 0 left on base; Virginia Beach 1 - Irving 2
BOTTOM OF THE 7TH
Irving Blue Sox batting - Pitching for Virginia Beach Whales : RHP Ed Alexander
Batting: LHB Kent Maxwell 0-0: Fly out, F8 (Line Drive, 8RM, EV 98.1 MPH)
Pitching: RHP Martin Rumbolt
Batting: RHB Rubén Plumey 0-0: Called Strike
0-1: Ball
1-1: Foul Ball, location: 2F
1-2: SINGLE (Line Drive, 89S, EV 100.0 MPH)
Batting: RHB Martín Muńóz 0-0: Ball
1-0: Fly out, F9 (Flyball, 9LS, EV 80.0 MPH)
Batting: RHB Thomas Flyer 0-0: Called Strike
0-1: Ball
1-1: Ball
2-1: Fielders Choice at 2nd, U4 (Groundball, 4M, EV 105.6 MPH)
Bottom of the 7th over - 0 runs, 1 hit, 0 errors, 1 left on base; Virginia Beach 1 - Irving 2
TOP OF THE 8TH
Virginia Beach Whales batting - Pitching for Irving Blue Sox : RHP Steve Young
Batting: RHB Lloyd van Grootveld 0-0: Swinging Strike
0-1: Called Strike
0-2: Strikes out looking
Batting: RHB Óscar Cardozo 0-0: Ball
1-0: Swinging Strike
1-1: Ball
2-1: Foul Ball, location: 2F
2-2: Foul Ball, location: 2F
2-2: Foul Ball, location: 2F
2-2: Ball
3-2: Foul Ball, location: 2F
3-2: Base on Balls
Pitching: RHP Nate Flores
Batting: RHB Juan Oleastro 0-0: Ball
1-0: Called Strike
1-1: Ball
2-1: Ball
3-1: Foul Ball, location: 2F
3-2: Foul Ball, location: 2F
3-2: Foul Ball, location: 2F
3-2: Grounds into double play, 6-4-3 (Groundball, 6, EV 90.6 MPH)
Top of the 8th over - 0 runs, 0 hits, 0 errors, 0 left on base; Virginia Beach 1 - Irving 2
BOTTOM OF THE 8TH
Irving Blue Sox batting - Pitching for Virginia Beach Whales : RHP Martin Rumbolt
Batting: LHB Daniel Page 0-0: Foul Ball, location: 2F
0-1: Ground out U3 (Groundball, 3, EV 96.2 MPH)
Batting: SHB Ignacio Cabrera 0-0: Ball
1-0: Called Strike
1-1: Ball
2-1: SINGLE (Line Drive, 8RS, EV 104.4 MPH)
Batting: RHB Omar Luoa 0-0: Ball
1-0: Called Strike
Ignacio Cabrera steals 2nd base
1-1: Intentional Walk
Batting: RHB Nick McGhee 0-0: Called Strike
0-1: Ball
1-1: Swinging Strike
1-2: Strikes out swinging
Batting: SHB Govaart Baars 0-0: Ball
1-0: Called Strike
1-1: Swinging Strike
1-2: Ball
2-2: Foul Ball, location: 2F
2-2: Fielders Choice at 2nd, 6-4 (Groundball, 6, EV 104.4 MPH)
Bottom of the 8th over - 0 runs, 1 hit, 0 errors, 2 left on base; Virginia Beach 1 - Irving 2
TOP OF THE 9TH
Virginia Beach Whales batting - Pitching for Irving Blue Sox : RHP Nate Flores
Now in RF: Rick Newell
Pinch Hitting: RHB Sergio San Martín 0-0: Ball
1-0: Ball
2-0: Foul Ball, location: 2F
2-1: Ball
3-1: Fly out, F7 (Flyball, 7S, EV 92.5 MPH)
Batting: RHB Pat Geldart 0-0: Ball
1-0: Ground out 4-3 (Groundball, 4, EV 95.0 MPH)
Pinch Hitting: LHB Asberry Harpending 0-0: Ball
1-0: Ball
2-0: Foul Ball, location: 2F
2-1: Swinging Strike
2-2: Ground out 5-3 (Groundball, 5L, EV 105.0 MPH)
Top of the 9th over - 0 runs, 0 hits, 0 errors, 0 left on base; Virginia Beach 1 - Irving 2
Tuesday, January 5th, 2021 - OOTP Baseball 20.8 Build 74